 Dungeon Crawl Stone Soup version 0.27-a0-1105-g946c659c87 (webtiles) character file.

Game seed: 5964635085959883238

8782 zhorgal the Cleaver (level 11, -8/95 HPs)
             Began as a Minotaur Berserker on Apr 29, 2021.
             Was a High Priest of Trog.
             Mangled by a boulder beetle (22 damage)
             ... on level 11 of the Dungeon.
             The game lasted 00:28:37 (10715 turns).

zhorgal the Cleaver (Minotaur Berserker)           Turns: 10715, Time: 00:28:37

Health: -8/95      AC: 18    Str: 24    XL:     11   Next: 14%
Magic:  10/10      EV: 14    Int:  4    God:    Trog [*****.]
Gold:   306        SH:  0    Dex: 17    Spells: 10/10 levels left

rFire    . . .     SeeInvis .   T - +0 broad axe
rCold    . . .     Faith    .   (no shield)
rNeg     . . .     Spirit   .   P - +0 plate armour
rPois    .         Reflect  .   (helmet restricted)
rElec    .         Harm     .   (no cloak)
rCorr    .         Rampage  .   e - +1 pair of gloves
Will     .....                  K - +1 pair of boots of Ru's Envy {Dex+6}
Stlth    ..........             (no amulet)
HPRegen  0.25/turn              B - +4 ring of evasion
MPRegen  0.12/turn              (no ring)

@: no status effects
A: horns 2, retaliatory headbutt
a: Renounce Religion, Berserk, Trog's Hand, Brothers in Arms


You were on level 11 of the Dungeon.
You worshipped Trog.
Trog was extremely pleased with you.
You visited 2 branches of the dungeon, and saw 12 of its levels.

You collected 480 gold pieces.
You spent 174 gold pieces at shops.

Inventory:

Hand Weapons
 d - a +2 spear of venom
 l - a +0 hunting sling
 A - a +0 arbalest
 L - a +1 glaive of freezing
 T - a +0 broad axe (weapon)
Missiles
 b - 20 sling bullets
 c - 255 stones (quivered)
 f - 202 arrows
 n - 79 bolts
 v - 7 boomerangs
 G - 41 poisoned darts
 Q - 2 throwing nets {!f}
Armour
 a - +0 acid dragon scales
 e - a +1 pair of gloves (worn)
 r - a +2 leather armour of fire resistance
 C - the +2 leather armour "Ocunocu" {rPois}
   (You found it on level 5 of the Dungeon)

   It protects you from poison.
 K - the +1 pair of boots of Ru's Envy (worn) {Dex+6}
   (You found it on level 6 of the Dungeon)

   It affects your dexterity (+6).
 P - a +0 plate armour (worn)
Jewellery
 o - a ring of ice
 x - a ring of protection from cold
 B - a +4 ring of evasion (left hand)
 R - a ring of magical power
 W - a ring of flight
Wands
 E - a wand of flame (25)
 O - a wand of paralysis (19)
 S - a wand of iceblast (4)
Scrolls
 h - 2 scrolls of blinking {unknown}
 m - a scroll of fear {unknown}
 s - 2 scrolls of amnesia {unknown}
 t - 3 scrolls of teleportation
 u - a scroll of vulnerability {unknown}
 y - a scroll of torment {unknown}
 D - 3 scrolls of enchant weapon {unknown}
 I - a scroll of immolation {unknown}
 M - a scroll of enchant armour
 U - 3 scrolls of identify
 V - 2 scrolls of noise {unknown}
Potions
 g - 3 potions of attraction
 i - 9 potions of ambrosia
 j - 2 potions of might
 k - 3 potions of lignification {!q}
 p - 2 potions of invisibility
 q - 6 potions of curing
 w - a potion of resistance
 z - a potion of flight
 F - 3 potions of heal wounds
 H - a potion of magic
 J - a potion of haste
Miscellaneous
 N - a piece from Xom's chessboard (15/15)


   Skills:
 + Level 8.8 Fighting
 * Level 13.8 Axes
 + Level 8.2 Armour
 + Level 7.5 Dodging
 + Level 5.4 Evocations


You had 10 spell levels left.
You didn't know any spells.
Your spell library contained the following spells:

 Spells                   Type           Power      Damage    Failure   Level
 Apportation              Tloc           0%         N/A       100%        1
 Magic Dart               Conj           0%         1d3       100%        1
 Shock                    Conj/Air       0%         1d3       100%        1
 Blink                    Tloc           N/A        N/A       100%        2
 Call Imp                 Summ           0%         N/A       100%        2
 Slow                     Hex            0%         N/A       100%        2
 Static Discharge         Conj/Air       0%         N/A       100%        2
 Conjure Flame            Conj/Fire      0%         6-21      100%        3
 Lesser Beckoning         Tloc           0%         N/A       100%        3
 Mephitic Cloud           Conj/Pois/Air  0%         N/A       100%        3
 Swiftness                Air            0%         N/A       100%        3
 Tukima's Dance           Hex            0%         N/A       100%        3
 Airstrike                Air            0%         N/A       100%        4
 Alistair's Intoxication  Tmut/Pois      0%         N/A       100%        5
 Lightning Bolt           Conj/Air       0%         1d11      100%        5
 Invisibility             Hex            0%         N/A       100%        6


Dungeon Overview and Level Annotations

Branches:
Dungeon (11/15)            Temple (1/1) D:5             Orc (0/2) D:9
   Lair: D:8-11

Altars:
Ashenzari
Cheibriados
Dithmenos
Elyvilon
Fedhas
Gozag
Hepliaklqana
Kikubaaqudgha
Makhleb
Nemelex Xobeh
Okawaru
Qazlal
Ru
Sif Muna
Trog
Uskayaw
Vehumet
Wu Jian
Xom
Yredelemnul
Zin
The Shining One
Lugonu

Shops:
D:6 ?

Annotations:
D:5 3 runed translucent doors, night's ghost, novice DjVM
D:7 2 transporters


Innate Abilities, Weirdness & Mutations

You have a pair of horns on your head.
You reflexively headbutt those who attack you in melee.


Message History

You hit the boulder beetle but do no damage.
The boulder beetle leaps!
You slash the boulder beetle!
The boulder beetle leaps!
You hit the boulder beetle. You headbutt the boulder beetle!
The boulder beetle bites you!
You hit the boulder beetle.
Your headbutt misses the boulder beetle.
The boulder beetle bites you.
You hit the boulder beetle but do no damage.
You headbutt the boulder beetle, but do no damage.
The boulder beetle closely misses you. You furiously retaliate!
You headbutt the boulder beetle, but do no damage.
You hit the boulder beetle but do no damage.
The boulder beetle bites you but does no damage.
You hit the boulder beetle.
You headbutt the boulder beetle, but do no damage.
The boulder beetle bites you!!
You hit the boulder beetle but do no damage.
The boulder beetle bites you but does no damage.
You slash the boulder beetle!
The boulder beetle leaps!
The boulder beetle curls into a ball and begins rolling!
The boulder beetle curls into a ball and begins rolling!
The boulder beetle hits you.
The boulder beetle stops rolling and uncurls.
You hit the boulder beetle but do no damage.
You headbutt the boulder beetle, but do no damage.
The boulder beetle bites you!
You hit the boulder beetle. The boulder beetle bites you.
You slash the boulder beetle! The boulder beetle misses you.
You hit the boulder beetle but do no damage.
You headbutt the boulder beetle, but do no damage.
The boulder beetle bites you!
* * * LOW HITPOINT WARNING * * *
You hit the boulder beetle but do no damage.
You headbutt the boulder beetle, but do no damage.
You hit the boulder beetle but do no damage.
The boulder beetle bites you!
* * * LOW HITPOINT WARNING * * *
You slash the boulder beetle! The boulder beetle bites you!!
You die...

####...............#
.##..................#
...........#.........#
##...........##......#
............###......#
...................).#
#..........###...#####
#..........#.B.#.#
...........#@###.#
#............# #.#
#.........##.# #.#
##........##.###.#
#.........##.....###
..........#####....#
##.......# #..#.#
##....### ##.### ..#
.###..#.#### .♣.


You could see a boulder beetle.

Vanquished Creatures
  Harold (D:8)
  A two-headed ogre (D:11)
  A manticore (D:10)
  A kobold demonologist (D:10)
  A queen bee (D:10)
  A shadow (D:11)
  Sigmund (D:5)
  A yak (D:10)
  A steam dragon (D:7)
  Menkaure (D:6)
  An acid dragon (D:9)
  4 water moccasins
  5 orc warriors
  Duvessa (D:6)
  2 ice beasts
  4 black bears
  A hornet zombie (D:8)
  2 necrophages (D:8)
  3 ogres
  2 centaurs
  2 kobold brigands
  3 bullfrogs
  A scorpion (D:5)
  Dowan (D:6)
  25 killer bees (D:10)
  4 howler monkeys
  A wight (D:8)
  8 centaur zombies
  A human zombie (D:8)
  6 hounds
  A bullfrog zombie (D:7)
  2 gnoll shamans
  5 orc priests
  2 bullfrog skeletons
  An iguana (D:4)
  4 orc wizards
  2 killer bee zombies
  A mummy (D:8)
  3 howler monkey zombies
  8 adders
  13 gnolls
  2 white imps
  An ufetubus (D:5)
  2 adder skeletons (D:4)
  4 worms (D:3)
  A dart slug (D:4)
  59 orcs
  8 ball pythons
  7 bats
  9 endoplasms
  3 giant cockroaches
  5 goblins
  4 hobgoblins
  17 jackals
  3 quokkas
  3 frilled lizards
  14 kobolds
  7 rats
278 creatures vanquished.

Vanquished Creatures (others)
  3 fungi (D:11)
  9 plants
12 creatures vanquished.

Grand Total: 290 creatures vanquished

Notes
Turn   | Place    | Note
-------+----------+-------------------------------------------
     0 | D:1      | zhorgal the Minotaur Berserker began the quest for the Orb.
     0 | D:1      | Reached XP level 1. HP: 19/19 MP: 0/0
    38 | D:1      | Reached skill level 4 in Axes
   106 | D:1      | Reached XP level 2. HP: 22/26 MP: 1/1
   363 | D:1      | Reached skill level 5 in Axes
   646 | D:1      | Reached XP level 3. HP: 31/31 MP: 2/2
   816 | D:1      | Reached ** piety under Trog
  1067 | D:2      | Noticed a bullfrog
  1080 | D:2      | Killed a bullfrog
  1081 | D:2      | Reached skill level 6 in Axes
  1081 | D:2      | Reached XP level 4. HP: 33/39 MP: 3/3
  1322 | D:2      | Found a faded altar of an unknown god.
  1720 | D:3      | Reached XP level 5. HP: 42/45 MP: 4/4
  1734 | D:3      | Reached skill level 7 in Axes
  2481 | D:3      | Reached skill level 8 in Axes
  2487 | D:3      | Reached *** piety under Trog
  2488 | D:3      | Noticed an ogre
  2807 | D:3      | Killed an ogre
  2808 | D:3      | Reached XP level 6. HP: 51/51 MP: 5/5
  3235 | D:3      | Reached skill level 9 in Axes
  3619 | D:4      | Reached XP level 7. HP: 28/58 MP: 6/6
  3980 | D:4      | Found a blossoming altar of Fedhas.
  4035 | D:5      | Entered Level 5 of the Dungeon
  4085 | D:5      | Identified the +2 leather armour "Ocunocu" {rPois}
  4202 | D:5      | Found a radiant altar of Vehumet.
  4281 | D:5      | Found a staircase to the Ecumenical Temple.
  4297 | Temple   | Entered the Ecumenical Temple
  4359 | D:5      | Found a runed translucent gate.
  4359 | D:5      | Found a runed translucent gate.
  4360 | D:5      | Noticed night's ghost (novice DjVM)
  4360 | D:5      | Found a runed translucent gate.
  4402 | D:5      | Noticed Sigmund
  4425 | D:5      | Killed Sigmund
  4426 | D:5      | Reached skill level 10 in Axes
  4488 | D:5      | Reached **** piety under Trog
  4534 | D:5      | Reached skill level 1 in Evocations
  4534 | D:5      | Reached XP level 8. HP: 67/67 MP: 7/7
  4726 | D:5      | Reached skill level 5 in Fighting
  5045 | D:6      | Found an ancient bone altar of Kikubaaqudgha.
  5130 | D:6      | Noticed Menkaure
  5134 | D:6      | Killed Menkaure
  5546 | D:6      | Identified the +1 pair of boots of Ru's Envy {Dex+6}
  5559 | D:6      | Noticed Duvessa
  5570 | D:6      | Noticed Dowan
  5575 | D:6      | Killed Duvessa
  5579 | D:6      | Killed Dowan
  5580 | D:6      | Reached skill level 5 in Armour
  5630 | D:6      | Found Orurady's Magic Scroll Emporium.
  5638 | D:6      | Bought a scroll of teleportation for 36 gold pieces
  5638 | D:6      | Bought a scroll of identify for 24 gold pieces
  5638 | D:6      | Bought a scroll of identify for 24 gold pieces
  5638 | D:6      | Bought a scroll of enchant armour for 90 gold pieces
  6027 | D:7      | Reached skill level 11 in Axes
  6039 | D:7      | Found a transporter.
  6039 | D:7      | Noticed a cyan ugly thing
  6041 | D:7      | Found a corrupted altar of Lugonu.
  6041 | D:7      | Noticed a white ugly thing
  6041 | D:7      | Noticed a brown ugly thing
  6188 | D:7      | Found an iron altar of Okawaru.
  6238 | D:7      | Reached XP level 9. HP: 75/75 MP: 8/8
  6297 | D:7      | Reached skill level 5 in Dodging
  6556 | D:7      | Found a glowing golden altar of the Shining One.
  6642 | D:7      | Found a transporter.
  7017 | D:8      | Found a snail-covered altar of Cheibriados.
  7099 | D:8      | Noticed Harold
  7204 | D:8      | Killed Harold
  7205 | D:8      | Reached skill level 12 in Axes
  7833 | D:8      | Reached XP level 10. HP: 69/86 MP: 9/9
  7904 | D:8      | Reached ***** piety under Trog
  7908 | D:8      | Found a basalt altar of Yredelemnul.
  8706 | D:9      | Received a gift from Trog
  8712 | D:9      | Found a staircase to the Orcish Mines.
  9221 | D:10     | Entered Level 10 of the Dungeon
  9366 | D:10     | Reached skill level 13 in Axes
  9744 | D:10     | Found a shimmering altar of Xom.
  9783 | D:10     | Reached skill level 5 in Evocations
  9906 | D:10     | Noticed a sun demon
 10185 | D:10     | Noticed a manticore
 10203 | D:10     | Killed a manticore
 10508 | D:11     | Reached XP level 11. HP: 95/95 MP: 10/10
 10554 | D:11     | Noticed a two-headed ogre
 10572 | D:11     | Killed a two-headed ogre
 10685 | D:11     | Noticed a boulder beetle
 10715 | D:11     | Mangled by a boulder beetle

Illustrated notes

Levels and vault maps discovered:
D:1:      lemuel_arrival_funnel, layout_rooms, item_on_display_b
D:2:      layout_rooms, basic_ecumenical_altar, minmay_pentomino_u2
D:3:      layout_loops_ring, serial_glass, glass_columns_a, glass_columns_b
D:4:      layout_rooms, fedhas_altar_fruit_tree
D:5:      layout_gridville, vehumet_altar_wand_db,
          minmay_temple_entry_statues_pillars, gammafunk_ghost_nasty_kobolds,
          chequers_serial_rivers_large_a, uniq_sigmund
D:6:      layout_gridville, kennysheep_little_box, serial_shops, shop,
          serial_rivers, chequers_serial_rivers_micro_e,
          chequers_serial_rivers_micro_b, chequers_serial_rivers_small_3,
          chequers_serial_rivers_small_b, chequers_serial_rivers_micro_a,
          chequers_serial_rivers_room_b, hellmonk_bongcloud_opening,
          uniq_menkaure, uniq_duvessa
D:7:      gammafunk_corrupted_shrine, layout_basic, tso_metal_star,
          okawaru_ov_weapons_minmay, kennysheep_doodads
D:8:      layout_basic, lemuel_mausoleum_altar_yredelemnul,
          lemuel_crystal_altar, uniq_harold
D:9:      layout_roguey, hiddenorc2_lemuel
D:10:     layout_rooms, overflow_temple_1_default, special_room
          [special_room_bee], chequers_arboretum, minivault_19,
          kennysheep_generic_room_6
D:11:     minmay_bloctagon_deflated, layout_rooms,
          grunt_lair_entry_orc_guard_hut
Temple:   eino_temple_lava

Skill      XL: |  1  2  3  4  5  6  7  8  9 10 |
---------------+-------------------------------+-----
Axes           | 4 5 6 8 9 10 11 12 13 | 13.8
Fighting       | 4 5 7 8 |  8.8
Armour         | 4 5 6 8 |  8.2
Dodging        | 3 4 6 7 |  7.5
Evocations     | 1 2 4 5 |  5.4

Action                   |  1- 3 |  4- 6 |  7- 9 | 10-12 || total
-------------------------+-------+-------+-------+-------++-------
Melee: Hand axe          |    54 |   160 |   151 |       ||   365
       Headbutt          |    11 |    28 |    69 |    61 ||   169
       War axe           |       |       |   119 |    32 ||   151
       Broad axe         |       |       |       |   215 ||   215
Throw: Stone             |     4 |     4 |       |       ||     8
Invok: Berserk           |     2 |     1 |     3 |     2 ||     8
       Trog's Hand       |       |     1 |     3 |     1 ||     5
  Use: Scroll            |       |     4 |     6 |       ||    10
Armor: Animal skin       |    10 |     8 |       |       ||    18
       Chain mail        |       |    33 |    65 |       ||    98
       Ring mail         |       |    11 |       |       ||    11
       Plate armour      |       |       |    23 |   109 ||   132
Dodge: Dodged            |    32 |    67 |   136 |   175 ||   410

Table legend: (Time is in decaauts)
 A = Elapsed time spent in this place.
 B = Non-inter-level travel time spent in this place.
 C = Inter-level travel time spent in this place.
 D = Time resting spent in this place.
 E = Time spent auto-exploring this place.
 F = Levels seen in this place.
 G = Mean time per level.
                   A        B        C        D        E       F      G
               +--------+--------+--------+--------+--------+-----+--------+
         Total |  10751 |  10337 |    414 |     22 |   7835 |  12 |  895.9 |
       Dungeon |  10727 |  10313 |    414 |     22 |   7835 |  11 |  975.2 |
        Temple |     23 |     23 |      0 |      0 |      0 |   1 |   23.0 |
               +--------+--------+--------+--------+--------+-----+--------+

Top non-repeatable levels by time:
     D:3: 1728 daAuts
     D:8: 1405 daAuts
    D:10: 1249 daAuts
     D:6: 1047 daAuts
     D:1: 1046 daAuts
     D:7: 967 daAuts
     D:5: 919 daAuts
     D:9: 873 daAuts
     D:2: 706 daAuts
     D:4: 562 daAuts
    D:11: 221 daAuts
  Temple: 23 daAuts
